 Dungeon Crawl Stone Soup version 0.26-a0-52-gd53d4cd058 (webtiles) character file.

Game seed: 7112959256150322330

32 Aramant the Ruffian (level 3, 0/29 HPs)
             Began as a Ghoul Gladiator on June 5, 2020.
             Slain by a frilled lizard (3 damage)
             ... on level 3 of the Dungeon.
             The game lasted 00:02:43 (678 turns).

Aramant the Ruffian (Ghoul Gladiator)                Turns: 678, Time: 00:02:44

Health: 0/29       AC:  4    Str: 18    XL:     3   Next: 25%
Magic:  2/2        EV: 12    Int:  3    God:
Gold:   63         SH:  0    Dex: 10    Spells: 2/2 levels left

rFire    . . .     SeeInvis .     - Unarmed
rCold    + . .     Gourm    .   (no shield)
rNeg     + + +     Faith    .   a - +0 leather armour
rPois    ∞         Spirit   .   b - +0 helmet
rElec    .         Reflect  .   (no cloak)
rCorr    .         Harm     .   (no gloves)
MR       .....                  (no boots)
Stlth    +.........             (no amulet)
HPRegen  0.00/turn              (no ring)
MPRegen  0.08/turn              (no ring)

@: rotting
A: rotting body, claws 1, carnivore, cold resistance 1, negative energy
resistance 3, inhibited regeneration, torment resistance, unbreathing
a: no special abilities


You were on level 3 of the Dungeon.
You were not hungry.

You visited 1 branch of the dungeon, and saw 3 of its levels.

You collected 63 gold pieces.

Inventory:

Missiles
 c - 3 throwing nets (quivered)
Armour
 a - a +0 leather armour (worn)
 b - a +0 helmet (worn)
Potions
 f - a potion of invisibility {unknown}
Comestibles
 d - 2 rations
 g - a chunk of flesh


   Skills:
 + Level 2.2 Fighting
 + Level 1.9 Throwing
 + Level 0.2 Armour
 + Level 3.2 Dodging
 + Level 3.9 Unarmed Combat


You had 2 spell levels left.
You didn't know any spells.
Your spell library was empty.

Dungeon Overview and Level Annotations

Branches:
Dungeon (3/15)

Altars:
Trog


Innate Abilities, Weirdness & Mutations

Your body is rotting away.
You thrive on raw meat.
You are immune to poison.
You have sharp fingernails.
You are carnivorous and can eat meat at any time.
Your flesh is cold resistant. (rC+)
You are immune to negative energy. (rN+++)
You do not regenerate when monsters are visible.
You are immune to unholy pain and torment.
You can survive without breathing.


Message History

The frilled lizard barely misses you.
You claw the frilled lizard!
You kill the frilled lizard!
A frilled lizard comes into view.
The frilled lizard hisses angrily.
You scratch the orc but do no damage.
The orc hits you with a +2 flail of protection.
You scratch the orc but do no damage.
The orc hits you with a +2 flail of protection!
* * * LOW HITPOINT WARNING * * *
You barely miss the orc.
The orc hits you with a +2 flail of protection.
* * * LOW HITPOINT WARNING * * *
You scratch the orc but do no damage. The orc closely misses you.
You scratch the orc but do no damage.
The frilled lizard bites you but does no damage.
You claw the orc!
You kill the orc!
The frilled lizard bites you.
You die...

# #. ##.#
##.#.## .
#.#.#<##
....#.l.#.#
#..)@..#
##..†#.#
##.##.# #.
.. ## ...
.... #..


You could see a frilled lizard.

Vanquished Creatures
  2 adders (D:2)
  An orc (D:3)
  2 bats (D:2)
  A giant cockroach (D:2)
  2 goblins (D:2)
  A hobgoblin (D:2)
  A kobold (D:2)
  A quokka (D:2)
  A frilled lizard (D:3)
  A rat (D:2)
13 creatures vanquished.

Notes
Turn   | Place    | Note
-------+----------+-------------------------------------------
     0 | D:1      | Aramant the Ghoul Gladiator began the quest for the Orb.
     0 | D:1      | Reached XP level 1. HP: 17/17 MP: 0/0
    49 | D:2      | Reached XP level 2. HP: 12/24 MP: 1/1
   454 | D:2      | Reached XP level 3. HP: 29/29 MP: 2/2
   492 | D:2      | Noticed a moth of wrath
   495 | D:2      | Found a bloodstained altar of Trog.
   678 | D:3      | Slain by a frilled lizard

Illustrated notes

Levels and vault maps discovered:
D:1:      nzn_arrival_water_spiral, layout_loops_corners, tso_altar
D:2:      layout_rooms, lemuel_crystal_altar, lemuel_coloured_pillars_altar,
          amethyst_overflow_temple_binary, tgw_trog
D:3:      layout_loops_ring, vehumet_crystals, minmay_close_crescents

Skill      XL: |  1  2 |
---------------+-------+-----
Dodging        | 3 |  3.2
Fighting       | |  2.2
Throwing       | |  1.9
Armour         | |  0.2
Unarmed Combat | |  3.9

Action                   || total
-------------------------++-------
Melee: Unarmed           ||    46
  Use: Scroll            ||     1
  Eat: Chunk             ||     3
Armor: Leather armour    ||    15
Dodge: Dodged            ||    29

Table legend:
 A = Non-vault XP
 B = Vault XP
 C = Vault XP percentage of total XP
 D = Non-vault monster count
 E = Vault monster count
 F = Vault count percentage of total count
                 A         B        C        D         E       F
            +---------+---------+-------+---------+---------+-------
      Total |      45 |       1 |   2.2 |      12 |       1 |   7.7
            +---------+---------+-------+---------+---------+-------
        D:2 |      41 |       1 |   2.4 |      10 |       1 |   9.1
        D:3 |       4 |       0 |   0.0 |       2 |       0 |   0.0
            +---------+---------+-------+---------+---------+-------
